 Dungeon Crawl Stone Soup version 0.29-a0-553-g81b289dbe5 (webtiles) character file.

Game seed: 2091588110161728468

56 DocClef the Covert (level 3, -1/35 HPs)
             Began as a Gnoll Delver on June 6, 2022.
             Slain by an orc
             ... wielding a +0 mace
              (4 damage)
             ... on level 5 of the Dungeon.
             The game lasted 00:00:13 (128 turns).

DocClef the Covert (Gnoll Delver)                    Turns: 128, Time: 00:00:13

Health: -1/35      AC:  3    Str: 13    XL:     3   Next: 97%
Magic:  4/4        EV: 13    Int:  9    God:
Gold:   0          SH:  0    Dex: 13    Spells: 4/4 levels left

rFire   . . .      SeeInvis .   a - +0 short sword
rCold   . . .      Faith    .   (no shield)
rNeg    . . .      Spirit   .   b - +0 leather armour
rPois   .          Reflect  .   (no helmet)
rElec   .          Harm     .   (no cloak)
rCorr   .          Rampage  .   (no gloves)
Will    .....                   (no boots)
Stlth   ++++......              (no amulet)
HPRegen 0.11/turn               (no ring)
MPRegen 0.09/turn               (no ring)

@: no status effects
A: fangs 1, strong nose, distributed training
a: no special abilities


You were on level 5 of the Dungeon.
You visited 1 branch of the dungeon, and saw 1 of its levels.

Inventory:

Hand Weapons
 a - a +0 short sword (weapon)
Armour
 b - a +0 leather armour (worn)
Wands
 g - a wand of digging (3)
Scrolls
 c - a scroll of fog
 d - a scroll of magic mapping
 e - a scroll of fear
Potions
 f - a potion of haste


   Skills:
 + Level 6.5 Fighting
 + Level 4.6 Short Blades
 + Level 1.0 Long Blades
 + Level 1.0 Axes
 + Level 1.0 Maces & Flails
 + Level 1.0 Polearms
 + Level 1.0 Staves
 + Level 1.0 Slings
 + Level 1.0 Bows
 + Level 1.0 Crossbows
 + Level 1.0 Throwing
 + Level 1.0 Armour
 + Level 4.6 Dodging
 + Level 9.6 Stealth
 + Level 1.0 Shields
 + Level 1.0 Unarmed Combat
 + Level 1.0 Spellcasting
 + Level 0.7 Conjurations
 + Level 0.7 Hexes
 + Level 0.7 Summonings
 + Level 0.7 Necromancy
 + Level 0.7 Translocations
 + Level 0.7 Transmutations
 + Level 0.7 Fire Magic
 + Level 0.7 Ice Magic
 + Level 0.7 Air Magic
 + Level 0.7 Earth Magic
 + Level 0.7 Poison Magic
 + Level 1.1 Invocations
 + Level 1.0 Evocations


You had 4 spell levels left.
You didn't know any spells.
Your spell library was empty.

Dungeon Overview and Level Annotations

Branches:
Dungeon (5/15)
 Temple: D:4-7

Altars:


Innate Abilities, Weirdness & Mutations

You have very sharp teeth.
Your uncanny sense of smell can sniff out nearby items.
Your experience applies equally to all skills.


Message History

Unknown command.
You hit the orc wizard but do no damage.
The orc wizard is almost dead.
The orc wizard closely misses you. The orc barely misses you.
The orc closely misses you.
You hit the orc wizard.
You kill the orc wizard!
The orc hits you with a +0 mace. The orc closely misses you.
Your Long Blades skill increases to level 1!
Your Axes skill increases to level 1!
Your Maces & Flails skill increases to level 1!
Your Polearms skill increases to level 1!
Your Staves skill increases to level 1!
Your Slings skill increases to level 1!
Your Bows skill increases to level 1!
Your Crossbows skill increases to level 1!
Your Throwing skill increases to level 1!
Your Armour skill increases to level 1!
Your Shields skill increases to level 1!
Your Unarmed Combat skill increases to level 1!
Your Spellcasting skill increases to level 1!
Your Invocations skill increases to level 1!
Your Evocations skill increases to level 1!
Unknown command.
The orc attacks as you move away! The orc hits you but does no damage.
There is a stone staircase leading down here.
You hit the orc.
The orc is lightly wounded.
You hit the orc.
The orc is heavily wounded.
You hit the orc but do no damage. You hit the orc.
The orc is severely wounded.
The orc hits you with a +0 mace.
* * * LOW HITPOINT WARNING * * *
The orc hits you with a +0 club.
* * * LOW HITPOINT WARNING * * *
You barely miss the orc. You bite the orc, but do no damage.
The orc is severely wounded.
The orc hits you with a +0 mace.
You die...

##.##............>##
#..#.........#.....###
..........###.......
#.)...........##... ..
##.....#####...#...
...####......#..........#
.......................##
......[#oo............##
#......#@.........##..###
#.................#.....#
#................##.##...
.....#............##....#
........##.........######
##..................#
..............#...###
....##......###...#
...........## #####


You could see 2 orcs.

Vanquished Creatures
  A hound (D:5)
  An orc wizard (D:5)
2 creatures vanquished.

Notes
Turn   | Place    | Note
-------+----------+-------------------------------------------
     0 | D:5      | Reached skill level 9 in Stealth
     0 | D:5      | DocClef the Gnoll Delver began the quest for the Orb.
     0 | D:5      | Reached XP level 1. HP: 23/23 MP: 1/1
    29 | D:5      | Noticed a hound
    46 | D:5      | Killed a hound
    47 | D:5      | Reached XP level 2. HP: 24/29 MP: 1/3
    47 | D:5      | Reached XP level 3. HP: 29/35 MP: 1/4
   120 | D:5      | Reached skill level 1 in Long Blades
   120 | D:5      | Reached skill level 1 in Axes
   120 | D:5      | Reached skill level 1 in Maces & Flails
   120 | D:5      | Reached skill level 1 in Polearms
   120 | D:5      | Reached skill level 1 in Staves
   120 | D:5      | Reached skill level 1 in Slings
   120 | D:5      | Reached skill level 1 in Bows
   120 | D:5      | Reached skill level 1 in Crossbows
   120 | D:5      | Reached skill level 1 in Throwing
   120 | D:5      | Reached skill level 1 in Armour
   120 | D:5      | Reached skill level 1 in Shields
   120 | D:5      | Reached skill level 1 in Unarmed Combat
   120 | D:5      | Reached skill level 1 in Spellcasting
   120 | D:5      | Reached skill level 1 in Invocations
   120 | D:5      | Reached skill level 1 in Evocations
   128 | D:5      | Slain by an orc

Illustrated notes

Levels and vault maps discovered:
D:5:      layout_cave_pools, serial_column_ruins,
          column_ruins_corridor_dead_end, column_ruins_columns_dead_end,
          column_ruins_grid_1, column_ruins_open_large, minivault_23,
          uniq_eustachio, uniq_menkaure, uniq_blork_the_orc

Skill      XL: |  1  2  3 |
---------------+----------+-----
Stealth        | |  9.6
Long Blades    | 1 |  1.0
Axes           | 1 |  1.0
Maces & Flails | 1 |  1.0
Polearms       | 1 |  1.0
Staves         | 1 |  1.0
Slings         | 1 |  1.0
Bows           | 1 |  1.0
Crossbows      | 1 |  1.0
Throwing       | 1 |  1.0
Armour         | 1 |  1.0
Shields        | 1 |  1.0
Unarmed Combat | 1 |  1.0
Spellcasting   | 1 |  1.0
Invocations    | 1 |  1.1
Evocations     | 1 |  1.0
Fighting       | |  6.5
Short Blades   | |  4.6
Dodging        | |  4.6
Conjurations   | |  0.7
Hexes          | |  0.7
Summonings     | |  0.7
Necromancy     | |  0.7
Translocations | |  0.7
Transmutations | |  0.7
Fire Magic     | |  0.7
Ice Magic      | |  0.7
Air Magic      | |  0.7
Earth Magic    | |  0.7
Poison Magic   | |  0.7

Action                   || total
-------------------------++-------
Melee: Short sword       ||    30
       Bite              ||     3
       Punch             ||     1
Armor: Leather armour    ||     8
Dodge: Dodged            ||    25

Table legend: (Time is in decaauts)
 A = Elapsed time spent in this place.
 B = Non-inter-level travel time spent in this place.
 C = Inter-level travel time spent in this place.
 D = Time resting spent in this place.
 E = Time spent auto-exploring this place.
 F = Levels seen in this place.
 G = Mean time per level.
                   A        B        C        D        E       F      G
               +--------+--------+--------+--------+--------+-----+--------+
         Total |    124 |    124 |      0 |      0 |     84 |   1 |  124.0 |
       Dungeon |    124 |    124 |      0 |      0 |     84 |   1 |  124.0 |
               +--------+--------+--------+--------+--------+-----+--------+

Top non-repeatable levels by time:
     D:5: 124 daAuts
